 Dungeon Crawl Stone Soup version 0.28-a0-722-gc0678643b6 (webtiles) character file.

Game seed: 16786665439734201903

81 Lekart the Vexing (level 4, -7/35 HPs)
             Began as a Draconian Arcane Marksman on Oct 24, 2021.
             Mangled by a gnoll (11 damage)
             ... on level 2 of the Dungeon.
             The game lasted 00:02:51 (2011 turns).

Lekart the Vexing (Draconian Arcane Marksman)       Turns: 2011, Time: 00:02:51

Health: -7/35      AC:  5    Str: 12    XL:     4   Next: 20%
Magic:  5/5        EV: 12    Int: 13    God:
Gold:   101        SH:  0    Dex: 13    Spells: 3/5 levels left

rFire   . . .      SeeInvis .   k - +0 spear (distort)
rCold   . . .      Faith    .   (no shield)
rNeg    . . .      Spirit   .   (armour unavailable)
rPois   .          Reflect  .   (helmet restricted)
rElec   .          Harm     .   (no cloak)
rCorr   .          Rampage  .   (no gloves)
Will    .....                   (no boots)
Stlth   +.........              (no amulet)
HPRegen 0.11/turn               (no ring)
MPRegen 0.09/turn               (no ring)

@: no status effects
A: AC +5, unfitting armour, cold-blooded
a: no special abilities


You were on level 2 of the Dungeon.
You visited 1 branch of the dungeon, and saw 3 of its levels.

You collected 101 gold pieces.

Inventory:

Hand Weapons
 a - a +0 hand crossbow
 c - a +0 hunting sling
 e - a +1 short sword of venom
 k - a +0 spear of distortion (weapon)
Missiles
 d - 8 bolts
 g - 22 stones
Scrolls
 b - 3 scrolls of identify {unknown}
 i - a scroll of magic mapping {unknown}
 j - a scroll of vulnerability {unknown}
Potions
 f - a potion of mutation {unknown}
 h - a potion of brilliance {unknown}
 l - a potion of cancellation {unknown}


   Skills:
 + Level 1.5 Fighting
 + Level 0.8 Slings
 + Level 3.1 Crossbows
 + Level 2.1 Dodging
 + Level 0.4 Stealth
 + Level 1.0 Spellcasting
 + Level 3.1 Hexes


You had 3 spell levels left.
You knew the following spells:

 Your Spells              Type           Power      Damage    Failure   Level
a - Slow                  Hex            8%         N/A       12%         2

Your spell library contained the following spells:

 Spells                   Type           Power      Damage    Failure   Level
 Dazzling Flash           Conj/Hex       8%         N/A       41%         3
 Inner Flame              Hex/Fire       4%         N/A       41%         3
 Portal Projectile        Hex/Tloc       8%         N/A       41%         3
 Gell's Gravitas          Tloc           0%         N/A       63%         3
 Lesser Beckoning         Tloc           0%         N/A       63%         3
 Teleport Other           Tloc           0%         N/A       63%         3
 Cause Fear               Hex            4%         N/A       61%         4
 Silence                  Hex/Air        2%         N/A       99%         5
 Agony                    Necr           0%         N/A       100%        5


Dungeon Overview and Level Annotations

Branches:
Dungeon (3/15)

Altars:


Innate Abilities, Weirdness & Mutations

Your plain brown scales are hard. (AC +5)
You cannot fit into any form of body armour.
You are cold-blooded and may be slowed by cold attacks.


Message History

The stone hits the gnoll.
The gnoll is almost dead.
You shoot a stone.
The stone hits the gnoll but does no damage.
The gnoll is moderately wounded.
The gnoll hits you with a +0 flail.
The gnoll hits you from afar with a +0 halberd.
You shoot a stone. The stone barely misses the gnoll.
The stone hits the gnoll but does no damage.
The gnoll is almost dead.
The gnoll misses you. The gnoll closely misses you. x2
You shoot a stone. The stone hits the gnoll.
The gnoll is severely wounded.
The gnoll misses you. The gnoll hits you with a +0 flail!
You shoot a stone. The stone completely misses the gnoll.
The stone hits the gnoll but does no damage.
The gnoll is almost dead.
The gnoll closely misses you. The gnoll hits you with a +0 flail.
You are too injured to fight recklessly!
You are too injured to fight recklessly!
You are too injured to fight recklessly!
There is a stone staircase leading up here.
The gnoll hits you with a +0 flail!
* * * LOW HITPOINT WARNING * * *
You climb upwards.
There is a stone staircase leading down here.
Really wield
k - a +0 spear of distortion? [Y]es or [N]o only, please.
Really wield
k - a +0 spear of distortion? [Y]es or [N]o only, please.
Really wield
k - a +0 spear of distortion?
Space warps around you for a moment!
k - a +0 spear of distortion (weapon)
You barely miss the gnoll.
The gnoll is severely wounded.
The gnoll misses you.
You completely miss the gnoll.
The gnoll is heavily wounded.
The gnoll hits you with a +0 flail!
You die...

#........########..#.#######....
#....##### ###.)#..##########
#....# ####....##.......####
###### ##....##.########....#
###..#####.# ####..
#####...######.### #..
##.....### #......# #######..
#####..##### #......###........
..........# #@.........#######
........[.# #.g....#####
..........# #.<....# ..........#
#......# ..........# #......#
..........# #......# ###########
########


You could see a gnoll.

Vanquished Creatures
  3 adders (D:2)
  7 ball pythons
  4 bats
  4 endoplasms
  6 giant cockroaches
  3 hobgoblins
  3 jackals (D:1)
  A kobold (D:1)
  6 quokkas
  4 frilled lizards
  4 goblins
  4 rats
49 creatures vanquished.

Notes
Turn   | Place    | Note
-------+----------+-------------------------------------------
     0 | D:1      | Lekart the Draconian Arcane Marksman began the quest for
                  | the Orb.
     0 | D:1      | Reached XP level 1. HP: 16/16 MP: 2/2
    11 | D:1      | Noticed a demonspawn zombie
    30 | D:1      | Found a faded altar of an unknown god.
   244 | D:1      | Reached XP level 2. HP: 21/23 MP: 3/3
  1019 | D:2      | Reached XP level 3. HP: 28/28 MP: 4/4
  1629 | D:2      | Reached XP level 4. HP: 35/35 MP: 5/5
  1983 | D:3      | Learned a level 2 spell: Slow
  2011 | D:2      | Mangled by a gnoll

Illustrated notes

Levels and vault maps discovered:
D:1:      shiori_arrival_whats_in_store_for_you, layout_rooms,
          ebering_ecumenical_altar_mist, serial_aquarium,
          aquarium_bridge_long_joined [aquarium_subvault_bridge,
          aquarium_subvault_window, aquarium_subvault_wall,
          aquarium_subvault_window, aquarium_subvault_wall,
          aquarium_subvault_balcony], aquarium_window_1, aquarium_window_2,
          aquarium_window_fake, aquarium_window_1, aquarium_view_2b,
          aquarium_view_2b, aquarium_balcony_1b, aquarium_pool_2,
          skrybe_limestone_x, minmay_worlds_worst_comb
D:2:      layout_rooms
D:3:      layout_loops_cross, grunt_temple_overflow_growth_and_decay,
          mainiacjoe_overflow_tiny_flanked, st_stairs_5,
          chequers_serial_rivers_large_a, uniq_crazy_yiuf_cottage

Skill      XL: |  1  2  3 |
---------------+----------+-----
Hexes          | 3 |  3.1
Crossbows      | 2 3 |  3.1
Dodging        | 2 |  2.1
Fighting       | |  1.5
Slings         | |  0.8
Stealth        | |  0.4
Spellcasting   | |  1.0

Action                   |  1- 3 |  4- 6 || total
-------------------------+-------+-------++-------
Melee: Unarmed           |    10 |       ||    10
       Tailslap          |     1 |       ||     1
       Spear             |       |     2 ||     2
 Fire: Hand crossbow     |   104 |       ||   104
       Hunting sling     |    32 |    35 ||    67
 Cast: Slow              |       |     1 ||     1
Armor: Skin              |    27 |     3 ||    30
Dodge: Dodged            |    58 |    21 ||    79

Table legend: (Time is in decaauts)
 A = Elapsed time spent in this place.
 B = Non-inter-level travel time spent in this place.
 C = Inter-level travel time spent in this place.
 D = Time resting spent in this place.
 E = Time spent auto-exploring this place.
 F = Levels seen in this place.
 G = Mean time per level.
                   A        B        C        D        E       F      G
               +--------+--------+--------+--------+--------+-----+--------+
         Total |   2063 |   1887 |    176 |      0 |   1465 |   3 |  687.7 |
       Dungeon |   2063 |   1887 |    176 |      0 |   1465 |   3 |  687.7 |
               +--------+--------+--------+--------+--------+-----+--------+

Top non-repeatable levels by time:
     D:1: 1122 daAuts
     D:2: 866 daAuts
     D:3: 74 daAuts
